 Dungeon Crawl Stone Soup version 0.26-a0-394-g0b5ff556b1 (webtiles) character file.

Game seed: 14711963504506657584

27044 Gargoyl the Fighter (level 13, -2/104 HPs)
             Began as a Gnoll Abyssal Knight on July 23, 2020.
             Was a High Priest of Lugonu.
             Slain by a wyvern (13 damage)
             ... on level 4 of the Lair of Beasts.
             The game lasted 00:23:35 (18082 turns).

Gargoyl the Fighter (Gnoll Abyssal Knight)         Turns: 18082, Time: 00:23:36

Health: -2/104     AC: 32    Str: 15    XL:     13   Next: 29%
Magic:  25/25      EV:  6    Int: 15    God:    Lugonu [*****.]
Gold:   789        SH: 16    Dex: 19    Spells: 28/28 levels left

rFire    + . .     SeeInvis +   q - +8 rapier of the Sky {protect, Stlth+}
rCold    . . .     Faith    .   m - +0 tower shield
rNeg     + . .     Spirit   .   c - +0 plate armour
rPois    .         Reflect  .   (no helmet)
rElec    .         Harm     .   p - +2 cloak
rCorr    .         Clarity  +   D - +1 pair of gloves
MR       .....                  k - +2 pair of boots
Stlth    +.........             (no amulet)
HPRegen  0.27/turn              j - ring of positive energy
MPRegen  0.19/turn              o - ring of see invisible

@: protection aura, slowed, very slow
A: distributed training, claws 1, fangs 1, yellow scales 1, clarity, fire
resistance 1, strong nose
a: Depart the Abyss, Bend Space, Banish, Corrupt, Enter the Abyss, Renounce
Religion


You were on level 4 of the Lair of Beasts.
You worshipped Lugonu.
Lugonu was extremely pleased with you.
You visited 2 branches of the dungeon, and saw 15 of its levels.
You visited the Abyss 1 time.

You collected 1005 gold pieces.
You spent 216 gold pieces at shops.

Inventory:

Hand Weapons
 a - a +8 hand axe
 i - a +6 rapier of electrocution
 q - the +8 rapier of the Sky (weapon) {protect, Stlth+}
   (You found it on level 7 of the Dungeon)

   It grants its wielder temporary protection when it strikes (+7 to AC).
   It makes you more stealthy.
 v - a +5 hand axe
Missiles
 x - 6 boomerangs (quivered)
Armour
 c - a +0 plate armour (worn)
 k - a +2 pair of boots (worn)
 m - a +0 tower shield (worn)
 p - a +2 cloak (worn)
 D - a +1 pair of gloves (worn)
Jewellery
 j - a ring of positive energy (left hand)
 o - a ring of see invisible (right hand)
Wands
 l - a wand of digging (6)
 t - a wand of polymorph (17)
 y - a wand of acid (8)
 A - a wand of flame (54)
 B - a wand of random effects (23)
 F - a wand of enslavement (8)
 G - a wand of iceblast (5)
 H - a wand of paralysis (12)
Scrolls
 d - 3 scrolls of remove curse
 f - 9 scrolls of identify
 n - 4 scrolls of teleportation
 C - 2 scrolls of fear
Potions
 b - 3 potions of haste
 e - 5 potions of curing
 g - a potion of heal wounds
 h - a potion of lignification
 r - 3 potions of flight
 s - 2 potions of mutation
 u - 2 potions of magic
 w - 2 potions of cancellation {unknown}
 z - 2 potions of brilliance


   Skills:
 + Level 10.4 Fighting
 + Level 8.1 Short Blades
 + Level 8.1 Long Blades
 + Level 9.4 Axes
 + Level 8.1 Maces & Flails
 + Level 8.1 Polearms
 + Level 8.1 Staves
 + Level 8.1 Slings
 + Level 8.1 Bows
 + Level 8.1 Crossbows
 + Level 8.1 Throwing
 + Level 9.4 Armour
 + Level 8.6 Dodging
 + Level 8.1 Stealth
 + Level 8.1 Shields
 + Level 8.1 Unarmed Combat
 + Level 8.1 Spellcasting
 + Level 6.8 Conjurations
 + Level 6.8 Hexes
 + Level 6.8 Summonings
 + Level 6.8 Necromancy
 + Level 6.8 Translocations
 + Level 6.8 Transmutations
 + Level 6.8 Fire Magic
 + Level 6.8 Ice Magic
 + Level 6.8 Air Magic
 + Level 6.8 Earth Magic
 + Level 6.8 Poison Magic
 + Level 10.0 Invocations
 + Level 8.1 Evocations


You had 28 spell levels left.
You didn't know any spells.
Your spell library contained the following spells:

 Spells                   Type           Power        Failure   Level
 Beastly Appendage        Tmut           ####..       95%         1
 Freeze                   Ice            ####         95%         1
 Wereblood                Tmut           ####....     98%         2
 Confusing Touch          Hex            ####....     100%        3
 Frozen Ramparts          Ice            ####..       100%        3
 Gell's Gravitas          Tloc           ####......   100%        3
 Ozocubu's Armour         Ice            ####....     100%        3
 Spider Form              Tmut/Pois      ####......   100%        3
 Hailstorm                Conj/Ice       ####....     100%        4
 Ice Form                 Ice/Tmut       ####....     100%        4
 Petrify                  Tmut/Erth      ####....     100%        4
 Summon Ice Beast         Ice/Summ       ####....     100%        4
 Blade Hands              Tmut           ####......   100%        5
 Metabolic Englaciation   Hex/Ice        ####......   100%        5
 Yara's Violent Unravell  Hex/Tmut       ####......   100%        5


Dungeon Overview and Level Annotations

Branches:
Dungeon (11/15)            Temple (0/1) D:7            Lair (4/6) D:11
  Swamp (0/4) Lair:3        Snake (0/4) Lair:4          Orc (0/2) D:10

Altars:
Cheibriados
Fedhas
Kikubaaqudgha
Okawaru
Ru
Trog
Uskayaw
Vehumet
Wu Jian
Yredelemnul
The Shining One

Shops:
D:4 ?   D:10 }

Portals:
Trove: D:11 (give 13 potions of heal wounds)

Annotations:
D:7 3 runed translucent doors, BritishOli's ghost, novice DsGl


Innate Abilities, Weirdness & Mutations

Your experience applies equally to all skills.
You have very sharp teeth.
Your uncanny sense of smell can sniff out nearby items.
You have sharp fingernails.
You are partially covered in yellow scales. (AC +2)
You possess an exceptional clarity of mind.
Your flesh is heat resistant. (rF+)


Message History

Lugonu accepts your kill. You block the wyvern's attack. x2
You see here a guardian serpent corpse.
You block the wyvern's attack. x2
Unknown command.
You completely miss the wyvern.
You feel sick. You block the wyvern's attack. The wyvern bites you.
* * * LOW HITPOINT WARNING * * *
You hit the wyvern.
The wyvern is moderately wounded.
You block the wyvern's attack. x2
You feel better.
The wyvern bites you but does no damage. x2
You puncture the wyvern!
The wyvern is severely wounded.
The wyvern bites you but does no damage.
The wyvern bites you.
* * * LOW HITPOINT WARNING * * *
The wyvern bites you!
You die...

#P#P..........# ..##...
..............## .......
####........#..##.......
...#............#.......
..##........#.P..>......
..##..............#.....
...#...............# ..
..P#..............##
...#............@..##..
...............†l.......
........................
........................
........................
....................$...
.............>..........
<.......................
.......................


You could see a wyvern.

Vanquished Creatures
  Josephine (D:10)
  3 hydras
  A vault guard (D:11)
  Erolcha (D:11)
  2 two-headed ogres
  A queen ant (Lair:3)
  4 death yaks
  A manticore (D:10)
  A guardian serpent (Lair:4)
  A black mamba (Lair:2)
  A gargoyle (D:11)
  3 cane toads
  A hornet (D:10)
  4 hippogriffs
  5 blink frogs
  5 wraiths (D:10)
  2 basilisks
  17 yaks
  A human (D:10)
  3 insubstantial wisps (Lair:3)
  5 soldier ants (Lair:3)
  13 water moccasins
  7 porcupines
  An ice beast (D:10)
  2 phantoms
  3 black bears
  4 orc warriors
  2 necrophages
  3 ogres
  3 wolves
  3 centaurs
  8 crocodiles
  12 bullfrogs
  2 big kobolds
  Dowan (D:7)
  3 scorpions
  11 killer bees
  17 wights
  A howler monkey (D:6)
  A troll skeleton (D:9)
  4 human zombies (D:9)
  A bullfrog zombie (D:5)
  2 centaur skeletons
  2 hounds
  2 centaur zombies
  2 jellies
  2 human skeletons (D:9)
  8 orc priests
  4 bullfrog skeletons
  12 orc wizards
  3 iguanas
  36 worker ants
  A hound zombie (D:8)
  A hound skeleton (D:4)
  2 mummies (D:9)
  4 gnolls
  6 adders
  A shadow imp (D:10)
  A white imp (D:7)
  An ufetubus (D:6)
  2 oozes
  An adder skeleton (D:7)
  An adder zombie (D:5)
  3 worms (D:2)
  A dart slug (D:3)
  3 leopard geckos
  56 orcs
  2 ball pythons
  12 bats
  6 giant cockroaches
  11 goblins
  9 hobgoblins
  3 quokkas
  6 frilled lizards
  24 kobolds
  A quokka zombie (D:9)
  A rat (D:1)
397 creatures vanquished.

Vanquished Creatures (others)
  A death yak (D:11)
  41 fungi (D:11)
  5 plants
47 creatures vanquished.

Grand Total: 444 creatures vanquished

Notes
Turn   | Place    | Note
-------+----------+-------------------------------------------
     0 | Abyss:1  | Gargoyl the Gnoll Abyssal Knight began the quest for the
                  | Orb.
     0 | Abyss:1  | Reached XP level 1. HP: 23/23 MP: 3/3
    40 | Abyss:1  | Noticed a large abomination
    45 | Abyss:1  | Noticed a small abomination
    54 | D:1      | Escaped the Abyss
   281 | D:1      | Reached * piety under Lugonu
   281 | D:1      | Reached XP level 2. HP: 27/29 MP: 5/5
   871 | D:1      | Reached XP level 3. HP: 35/35 MP: 6/6
  1484 | D:2      | Reached skill level 1 in Short Blades
  1484 | D:2      | Reached skill level 1 in Long Blades
  1484 | D:2      | Reached skill level 1 in Maces & Flails
  1484 | D:2      | Reached skill level 1 in Polearms
  1484 | D:2      | Reached skill level 1 in Staves
  1484 | D:2      | Reached skill level 1 in Slings
  1484 | D:2      | Reached skill level 1 in Bows
  1484 | D:2      | Reached skill level 1 in Crossbows
  1484 | D:2      | Reached skill level 1 in Throwing
  1484 | D:2      | Reached skill level 1 in Stealth
  1484 | D:2      | Reached skill level 1 in Shields
  1484 | D:2      | Reached skill level 1 in Unarmed Combat
  1484 | D:2      | Reached skill level 1 in Spellcasting
  1484 | D:2      | Reached skill level 1 in Evocations
  1536 | D:2      | Reached XP level 4. HP: 36/41 MP: 7/7
  1537 | D:2      | Reached ** piety under Lugonu
  1898 | D:2      | Found a sacrificial altar of Ru.
  1947 | D:3      | Reached skill level 1 in Conjurations
  1947 | D:3      | Reached skill level 1 in Hexes
  1947 | D:3      | Reached skill level 1 in Summonings
  1947 | D:3      | Reached skill level 1 in Necromancy
  1947 | D:3      | Reached skill level 1 in Translocations
  1947 | D:3      | Reached skill level 1 in Transmutations
  1947 | D:3      | Reached skill level 1 in Fire Magic
  1947 | D:3      | Reached skill level 1 in Ice Magic
  1947 | D:3      | Reached skill level 1 in Air Magic
  1947 | D:3      | Reached skill level 1 in Earth Magic
  1947 | D:3      | Reached skill level 1 in Poison Magic
  2101 | D:3      | Reached XP level 5. HP: 16/47 MP: 8/8
  2444 | D:3      | Paralysed by an orc for 7 turns
  3158 | D:3      | Gained mutation: You are dopey. (Int -2) [potion of
                  | mutation]
  3158 | D:3      | Gained mutation: You are agile. (Dex +2) [potion of
                  | mutation]
  3179 | D:4      | Reached skill level 5 in Invocations
  3179 | D:4      | Reached XP level 6. HP: 41/53 MP: 9/9
  3311 | D:4      | Found Zogeny's Magic Scroll Shoppe.
  3320 | D:4      | Bought a scroll of enchant weapon for 90 gold pieces
  3320 | D:4      | Bought a scroll of teleportation for 36 gold pieces
  3320 | D:4      | Bought a scroll of enchant armour for 90 gold pieces
  3506 | D:4      | Found an ancient bone altar of Kikubaaqudgha.
  3513 | D:4      | Reached skill level 5 in Axes
  3513 | D:4      | Reached skill level 5 in Armour
  3554 | D:4      | Found an iron altar of Okawaru.
  3559 | D:4      | Found a hide-covered altar of Uskayaw.
  3901 | D:4      | Reached XP level 7. HP: 59/59 MP: 10/10
  4070 | D:4      | Found an ornate altar of the Wu Jian Council.
  4098 | D:5      | Entered Level 5 of the Dungeon
  4184 | D:5      | You fall into a shaft and drop 2 floors!
  4184 | D:7      | Found a glowing golden altar of the Shining One.
  4184 | D:7      | Found a bloodstained altar of Trog.
  4291 | D:6      | Lost mutation: You are agile. (Dex +2) [potion of mutation]
  4291 | D:6      | Lost mutation: You are dopey. (Int -2) [potion of mutation]
  4291 | D:6      | Gained mutation: You occasionally shout uncontrollably at
                  | your foes. [potion of mutation]
  4291 | D:6      | Gained mutation: You are dopey. (Int -2) [potion of
                  | mutation]
  4291 | D:6      | Gained mutation: Your flesh is heat resistant. (rF+)
                  | [potion of mutation]
  4291 | D:6      | Gained mutation: Your muscles are strong. (Str +2) [potion
                  | of mutation]
  4292 | D:6      | Lost mutation: You are dopey. (Int -2) [potion of mutation]
  4292 | D:6      | Lost mutation: Your flesh is heat resistant. (rF+) [potion
                  | of mutation]
  4292 | D:6      | Lost mutation: You occasionally shout uncontrollably at
                  | your foes. [potion of mutation]
  4292 | D:6      | Lost mutation: Your muscles are strong. (Str +2) [potion of
                  | mutation]
  4292 | D:6      | Gained mutation: You possess an exceptional clarity of
                  | mind. [potion of mutation]
  4292 | D:6      | Gained mutation: You have sharp fingernails. [potion of
                  | mutation]
  4292 | D:6      | Gained mutation: Your flesh is heat resistant. (rF+)
                  | [potion of mutation]
  4292 | D:6      | Gained mutation: You are partially covered in yellow
                  | scales. (AC +2) [potion of mutation]
  4768 | D:5      | Reached XP level 8. HP: 66/67 MP: 12/12
  4988 | D:5      | Found a radiant altar of Vehumet.
  5510 | D:7      | Reached *** piety under Lugonu
  5525 | D:7      | Noticed a hippogriff
  5541 | D:7      | Killed a hippogriff
  5841 | D:7      | Reached XP level 9. HP: 60/72 MP: 14/14
  5888 | D:7      | Found a snail-covered altar of Cheibriados.
  5889 | D:7      | Got an encrusted rapier
  5890 | D:7      | Identified the +8 rapier of the Sky {protect, Stlth+} (You
                  | found it on level 7 of the Dungeon)
  6013 | D:7      | Found a snail-covered altar of Cheibriados.
  6108 | D:7      | Noticed Dowan
  6132 | D:7      | Killed Dowan
  6165 | D:7      | Found a runed translucent gate.
  6165 | D:7      | Found a runed translucent gate.
  6165 | D:7      | Found a runed translucent gate.
  6165 | D:7      | Noticed BritishOli's ghost (novice DsGl)
  6201 | D:7      | Found a blossoming altar of Fedhas.
  6232 | D:7      | Found a staircase to the Ecumenical Temple.
  6447 | D:7      | Noticed Duvessa
  6457 | D:7      | Noticed Duvessa
  6457 | D:7      | Duvessa changed into Duvessa the bullfrog
  6468 | D:7      | Killed Duvessa the bullfrog
  6814 | D:8      | Reached skill level 5 in Dodging
  7217 | D:8      | Reached **** piety under Lugonu
  7774 | D:9      | Reached XP level 10. HP: 60/80 MP: 17/17
  7893 | D:9      | Reached skill level 5 in Short Blades
  7893 | D:9      | Reached skill level 5 in Long Blades
  7893 | D:9      | Reached skill level 5 in Maces & Flails
  7893 | D:9      | Reached skill level 5 in Polearms
  7893 | D:9      | Reached skill level 5 in Staves
  7893 | D:9      | Reached skill level 5 in Slings
  7893 | D:9      | Reached skill level 5 in Bows
  7893 | D:9      | Reached skill level 5 in Crossbows
  7893 | D:9      | Reached skill level 5 in Throwing
  7893 | D:9      | Reached skill level 5 in Stealth
  7893 | D:9      | Reached skill level 5 in Shields
  7893 | D:9      | Reached skill level 5 in Unarmed Combat
  7893 | D:9      | Reached skill level 5 in Spellcasting
  7893 | D:9      | Reached skill level 5 in Evocations
  8290 | D:9      | Found a basalt altar of Yredelemnul.
  8534 | D:9      | Noticed a two-headed ogre
  8549 | D:9      | Killed a two-headed ogre
  8834 | D:10     | Entered Level 10 of the Dungeon
  8853 | D:10     | Noticed Josephine
  8897 | D:10     | Killed Josephine
  9181 | D:10     | Reached XP level 11. HP: 81/87 MP: 19/19
  9228 | D:10     | Reached ***** piety under Lugonu
  9484 | D:10     | Reached skill level 5 in Conjurations
  9484 | D:10     | Reached skill level 5 in Hexes
  9484 | D:10     | Reached skill level 5 in Summonings
  9484 | D:10     | Reached skill level 5 in Necromancy
  9484 | D:10     | Reached skill level 5 in Translocations
  9484 | D:10     | Reached skill level 5 in Transmutations
  9484 | D:10     | Reached skill level 5 in Fire Magic
  9484 | D:10     | Reached skill level 5 in Ice Magic
  9484 | D:10     | Reached skill level 5 in Air Magic
  9484 | D:10     | Reached skill level 5 in Earth Magic
  9484 | D:10     | Reached skill level 5 in Poison Magic
  9723 | D:10     | Found a staircase to the Orcish Mines.
  9930 | D:10     | Paralysed by a hornet for 3 turns
  9940 | D:10     | Paralysed by a hornet for 2 turns
 10339 | D:10     | Found Levam's Gadget Shoppe.
 10339 | D:10     | Noticed a manticore
 10344 | D:10     | Killed a manticore
 10578 | D:11     | Noticed a two-headed ogre
 10588 | D:11     | Killed a two-headed ogre
 11148 | D:11     | Noticed Erolcha
 11160 | D:11     | Killed Erolcha
 11689 | D:11     | Found a staircase to the Lair.
 12166 | D:11     | Found a portal to a secret trove of treasure.
 12166 | D:11     | Noticed a vault guard
 12193 | D:11     | Killed a vault guard
 12512 | Lair:1   | Entered Level 1 of the Lair of Beasts
 12757 | Lair:1   | Reached XP level 12. HP: 90/96 MP: 22/22
 12791 | Lair:1   | Noticed a four-headed hydra
 12805 | Lair:1   | Killed a four-headed hydra
 12839 | Lair:1   | Noticed a six-headed hydra
 12853 | Lair:1   | Killed a six-headed hydra
 14595 | Lair:2   | Reached skill level 10 in Fighting
 15113 | Lair:3   | Noticed a death yak
 15115 | Lair:3   | Noticed a death yak
 15117 | Lair:3   | Noticed a death yak
 15118 | Lair:3   | Noticed a death yak
 15119 | Lair:3   | Noticed a death yak
 15136 | Lair:2   | Killed a death yak
 15398 | D:11     | Banished a death yak
 15668 | Lair:1   | Killed a death yak
 16134 | Lair:3   | Noticed a queen ant
 16180 | Lair:3   | Killed a queen ant
 16180 | Lair:3   | Reached XP level 13. HP: 23/103 MP: 24/24
 17004 | Lair:3   | Found a staircase to the Swamp.
 17434 | Lair:3   | Reached skill level 10 in Invocations
 18054 | Lair:4   | Found a staircase to the Snake Pit.
 18082 | Lair:4   | Slain by a wyvern

Illustrated notes

Levels and vault maps discovered:
D:1:      tarquinn_simple_flora_water_b, layout_loops_corners
D:2:      layout_basic, nicolae_ru_path_of_blood, minmay_strange_pillars,
          minmay_tree_intersection
D:3:      layout_basic
D:4:      layout_cave_pools, kennysheep_little_box, overflow_temple_1_default,
          grunt_temple_overflow_open, serial_shops, shop
D:5:      layout_basic, vehumet_crystals
D:6:      minmay_cornered_nines, layout_rooms
D:7:      layout_rooms, lemuel_crystal_altar,
          chequers_temple_overflow_statue_of_worship, minmay_temple_entry_tees,
          gammafunk_ghost_necromancy, basic_altar, nicolae_zen_rock_garden,
          cheibriados_altar_1, uniq_duvessa
D:8:      layout_basic, dk_noncrumbling_4, kennysheep_generic_room_15
D:9:      layout_gridville, lemuel_mausoleum_altar_yredelemnul,
          minmay_starry_boxes
D:10:     layout_small_grid, erik_orc_4, serial_shops, nicolae_shop_crystal,
          uniq_josephine
D:11:     layout_irregular_city, due_lair_maze_entry_diamond, enter_trove_5,
          gauntlet_entry_generic, uniq_erolcha
Lair:1:   layout_gridlike, minmay_holes
Lair:2:   layout_big_grid
Lair:3:   layout_chaotic_city, minmay_swamp_entry_wisps, zaba_antful_of_joy,
          lemuel_fruit_fields
Lair:4:   layout_gridlike, minmay_snake_entry_spellcaster, lemuel_fruit_fields,
          infiniplex_staircase_pool_2

Skill      XL: |  1  2  3  4  5  6  7  8  9 10 11 12 13 |
---------------+----------------------------------------+-----
Short Blades   | 1 2 3 4 5 6 7 8 |  8.1
Long Blades    | 1 2 3 4 5 6 7 8 |  8.1
Maces & Flails | 1 2 3 4 5 6 7 8 |  8.1
Polearms       | 1 2 3 4 5 6 7 8 |  8.1
Staves         | 1 2 3 4 5 6 7 8 |  8.1
Slings         | 1 2 3 4 5 6 7 8 |  8.1
Bows           | 1 2 3 4 5 6 7 8 |  8.1
Crossbows      | 1 2 3 4 5 6 7 8 |  8.1
Throwing       | 1 2 3 4 5 6 7 8 |  8.1
Stealth        | 1 2 3 4 5 6 7 8 |  8.1
Shields        | 1 2 3 4 5 6 7 8 |  8.1
Unarmed Combat | 1 2 3 4 5 6 7 8 |  8.1
Spellcasting   | 1 2 3 4 5 6 7 8 |  8.1
Evocations     | 1 2 3 4 5 6 7 8 |  8.1
Conjurations   | 1 2 3 4 5 6 |  6.8
Hexes          | 1 2 3 4 5 6 |  6.8
Summonings     | 1 2 3 4 5 6 |  6.8
Necromancy     | 1 2 3 4 5 6 |  6.8
Translocations | 1 2 3 4 5 6 |  6.8
Transmutations | 1 2 3 4 5 6 |  6.8
Fire Magic     | 1 2 3 4 5 6 |  6.8
Ice Magic      | 1 2 3 4 5 6 |  6.8
Air Magic      | 1 2 3 4 5 6 |  6.8
Earth Magic    | 1 2 3 4 5 6 |  6.8
Poison Magic   | 1 2 3 4 5 6 |  6.8
Dodging        | 3 4 5 6 7 8 |  8.6
Invocations    | 5 6 7 8 9 10 | 10.0
Axes           | 5 6 7 8 9 |  9.4
Armour         | 5 6 7 8 9 |  9.4
Fighting       | 7 8 9 10 | 10.4

Action                   |  1- 3 |  4- 6 |  7- 9 | 10-12 | 13-15 || total
-------------------------+-------+-------+-------+-------+-------++-------
Melee: Hand axe          |    97 |   160 |   170 |    67 |   115 ||   609
       Bite              |    13 |    19 |    39 |   164 |    28 ||   263
       Rapier            |       |       |   139 |   993 |    45 ||  1177
       Punch             |       |       |     1 |       |       ||     1
       Unarmed           |       |       |       |    18 |       ||    18
Invok: Depart the Abyss  |     1 |       |       |       |       ||     1
       Banish            |       |       |       |     1 |       ||     1
       Bend Space        |       |       |       |       |     1 ||     1
Evoke: Wand              |       |     1 |     3 |     3 |       ||     7
  Use: Scroll            |     8 |     9 |     7 |    12 |       ||    36
       Potion            |       |     1 |     2 |     6 |     1 ||    10
 Stab: Sleeping          |     1 |       |       |       |       ||     1
       Paralysed         |       |     4 |       |       |       ||     4
       Distracted        |       |       |     1 |       |       ||     1
Armor: Leather armour    |     5 |       |       |       |       ||     5
       Ring mail         |    33 |    39 |       |       |       ||    72
       Chain mail        |       |    18 |    75 |       |       ||    93
       Plate armour      |       |       |   188 |   630 |   149 ||   967
       Skin              |       |       |       |     2 |       ||     2
Dodge: Dodged            |    76 |    98 |   103 |   172 |    60 ||   509
Block: Tower shield      |       |       |    42 |   879 |   205 ||  1126

Table legend: (Time is in decaauts)
 A = Elapsed time spent in this place.
 B = Non-inter-level travel time spent in this place.
 C = Inter-level travel time spent in this place.
 D = Time resting spent in this place.
 E = Time spent auto-exploring this place.
 F = Levels seen in this place.
 G = Mean time per level.
                   A        B        C        D        E       F      G
               +--------+--------+--------+--------+--------+-----+--------+
         Total |  18160 |  17586 |    574 |   5428 |   8268 |  16 | 1135.0 |
       Dungeon |  12790 |  12308 |    482 |   3069 |   6530 |  11 | 1162.7 |
          Lair |   5315 |   5223 |     92 |   2359 |   1700 |   4 | 1328.8 |
         Abyss |     54 |     54 |      0 |      0 |     38 |   1 |   54.0 |
               +--------+--------+--------+--------+--------+-----+--------+

Top non-repeatable levels by time:
    D:11: 2188 daAuts
  Lair:1: 2114 daAuts
    D:10: 1776 daAuts
  Lair:2: 1621 daAuts
  Lair:3: 1258 daAuts
     D:3: 1171 daAuts
     D:9: 1119 daAuts
     D:1: 1020 daAuts
     D:8: 1013 daAuts
     D:6: 974 daAuts
     D:2: 968 daAuts
     D:7: 953 daAuts
     D:4: 901 daAuts
     D:5: 702 daAuts
  Lair:4: 320 daAuts
